Map: Whitewater Line LE

Players

Dink - Winner!

  • Race: Zerg Zerg
  • League: Master
  • Spawn Location: 1:00

SneakyProbe - Winner!

  • Race: Protoss Protoss
  • Spawn Location: 12:00

HearYeHearYe - Winner!

  • Race: Terran Terran
  • League: Gold
  • Spawn Location: 1:00

Gilou

  • Race: Terran Terran
  • Spawn Location: 7:00

Kush

  • Race: Zerg Zerg
  • League: Diamond
  • Spawn Location: 7:00

IceBox

  • Race: Terran Terran
  • League: Gold
  • Spawn Location: 6:00

VOD

Have the link to the VOD?

Description

Game 3

Time

  • Played on: July 2, 2019, 3:41 a.m.
  • Length: 10:31
Show
View Real Time Build Order
Export as new Build Order

Dink Zerg - Winner!

Build Orders: Pool First 

Get SALT Encoding   

  12  0:02  Drone  
  13  0:09  Drone  
  14  0:28  Spawning Pool  
  14  0:30  Drone  
  14  0:33  Extractor  
  14  0:35  Drone  
  14  0:42  Extractor  
  13  0:43  Drone  
  15  0:53  Overlord  
  15  1:15  Queen, Zergling x4  
  15  1:17  Zergling x2  
  20  1:27  Zergling x2  
  21  1:37  Zergling x2  
  21  1:38  Metabolic Boost  
  22  1:49  Overlord  
  22  2:08  Hatchery  
  21  2:09  Zergling x2  
  22  2:17  Zergling x2  
  22  2:19  Zergling x2  
  24  2:36  Zergling x6  
  26  3:01  Zergling x6  
  27  3:27  Zergling x4  
  21  4:30  Zergling x18  
  27  5:14  Zergling x10  
  22  5:43  Zergling x4  
  19  7:22  Zergling x6  
  19  8:33  Overlord  
  18  9:26  Hatchery  
Show
View Real Time Build Order
Export as new Build Order

SneakyProbe Protoss - Winner!

Build Orders:  

Get SALT Encoding   

  12  0:01  Probe  
  13  0:13  Probe  
  14  0:23  Pylon  
  14  0:27  Probe  
  15  0:38  Probe  
  16  0:46  Probe  
  16  0:51  Gateway  
  16  0:55  Probe  
  17  1:00  Assimilator  
  18  1:05  Assimilator, Probe  
  19  1:13  Probe  
  20  1:20  Pylon  
  20  1:22  Probe  
  21  1:34  Probe  
  22  1:42  Cybernetics Core  
  22  1:46  Probe  
  23  1:52  Gateway  
  23  1:58  Probe  
  24  2:16  Stalker  
  24  2:19  Stargate  
  24  2:21  Gateway  
  24  2:23  Warp Gate  
  26  2:33  Pylon  
  26  3:01  Gateway, Void Ray  
  30  3:10  Adept  
  34  3:13  Adept  
  34  3:35  Void Ray  
  34  3:42  Pylon  
  36  4:15  Stalker x2  
  36  4:16  Stalker x2  
  44  4:31  Pylon  
  44  4:50  Void Ray  
  44  5:03  Stalker  
  44  5:04  Stalker x2  
  52  5:36  Stalker  
  52  5:40  Nexus  
  52  5:42  Pylon  
  50  6:11  Void Ray  
  54  6:27  Adept x4  
  62  6:35  Robotics Facility  
  40  7:09  Probe  
  41  7:17  Probe  
  41  7:18  Probe  
  43  7:24  Observer  
  43  7:27  Probe  
  45  7:30  Probe  
  45  7:35  Stalker x4  
  50  7:39  Probe  
  50  7:43  Probe  
  52  7:51  Probe  
  52  7:54  Assimilator  
  52  7:55  Probe  
  54  7:58  Assimilator  
  54  8:03  Probe  
  55  8:07  Probe  
  52  8:15  Probe  
  51  8:27  Observer  
  51  8:30  Stalker x3  
  51  8:31  Stalker  
  60  8:43  Probe  
  61  8:55  Probe  
  62  9:00  Nexus  
  58  9:04  Stalker x3  
  58  9:05  Stalker  
  58  9:51  Probe  
  59  9:59  Pylon  
  59  10:00  Pylon  
  59  10:03  Assimilator, Probe  
  60  10:08  Assimilator  
  60  10:15  Probe  
Show
View Real Time Build Order
Export as new Build Order

HearYeHearYe Terran - Winner!

Build Orders:  

Get SALT Encoding   

  12  0:01  SCV  
  13  0:13  SCV  
  14  0:25  SCV, Supply Depot  
  15  0:47  SCV  
  16  1:02  Refinery, Barracks  
  16  1:03  Barracks  
  16  1:06  SCV  
  17  1:18  SCV  
  18  1:28  Supply Depot  
  18  1:30  SCV  
  19  1:42  SCV  
  20  1:49  Refinery  
  20  1:50  Reaper, Marine  
  22  1:56  Orbital Command  
  22  2:05  Bunker  
  22  2:08  Marine  
  23  2:22  Reaper  
  24  2:23  Bunker  
  24  2:26  Reaper  
  25  2:38  Bunker  
  25  2:45  SCV  
  26  2:54  Marine  
  26  2:57  SCV  
  28  2:58  Marine  
  28  3:09  SCV  
  28  3:12  Marine  
  30  3:16  Marine  
  29  3:30  Reaper  
  29  3:38  SCV  
  31  3:45  Command Center  
  31  3:46  Engineering Bay  
  29  3:50  SCV  
  28  3:58  Command Center  
  28  4:02  SCV  
  30  4:03  Factory  
  30  4:04  Barracks  
  30  4:05  Barracks Reactor, Barracks Tech Lab  
  28  4:14  SCV  
  29  4:26  SCV  
  29  4:53  Barracks Reactor, Marine x2  
  29  4:54  Factory Tech Lab  
  29  4:59  SCV  
  31  5:01  Supply Depot, Marine  
  31  5:02  Supply Depot  
  31  5:11  SCV, Orbital Command  
  31  5:12  Marine x2  
  34  5:15  Terran Infantry Weapons Level 1  
  34  5:19  Marauder  
  36  5:23  SCV  
  36  5:26  Siege Tank  
  40  5:28  Starport  
  40  5:30  Marine x2  
  40  5:35  SCV, Marine x2  
  43  5:40  Marine  
  46  5:48  Marine  
  42  5:50  Marine  
  42  5:53  Marine x2  
  42  5:57  SCV x2  
  46  5:58  Siege Tank  
  45  6:15  Liberator, Marine x4  
  45  6:16  Marine  
  45  6:17  SCV x2  
  51  6:29  SCV x2  
  51  6:30  Siege Tank  
  56  6:33  Marine x5  
  58  7:00  Marine x2  
  58  7:01  Marauder, Marine x2  
  64  7:07  SCV x2  
  66  7:15  Stimpack  
  66  7:18  Marine x4  
  70  7:24  Supply Depot  
  70  7:26  Supply Depot  
  70  7:27  Supply Depot  
  70  7:32  Marauder  
  70  7:46  SCV x2, Marine x2  
  70  7:49  Siege Tank  
  76  7:55  Marine x2  
  76  7:56  Marine  
  76  7:57  Liberator  
  79  7:58  SCV  
  79  8:04  Marine x2  
  82  8:10  Orbital Command  
  79  8:13  Marine x2  
  77  8:38  Barracks, Marine x5  
  77  8:39  Barracks  
  76  9:02  Orbital Command, Marine x4  
  72  9:03  Marine  
  75  9:20  Marine  
  75  9:24  Marine x4  
  80  9:37  SCV x2  
  80  9:38  Marine  
  83  9:42  Marine x3  
  86  9:46  Supply Depot  
  86  9:48  Supply Depot  
  86  10:07  Marine x2  
  86  10:08  SCV x2  
  90  10:15  Barracks Reactor, Barracks Tech Lab  
Show
View Real Time Build Order
Export as new Build Order

Gilou Terran 

Build Orders: 2 Factory, Cyclone Opening 

Get SALT Encoding   

  12  0:04  SCV  
  13  0:26  SCV  
  13  0:27  Refinery  
  14  0:30  Supply Depot  
  14  0:38  SCV  
  15  0:53  Barracks  
  15  0:57  SCV  
  16  1:04  Refinery  
  16  1:09  SCV  
  17  1:21  SCV  
  18  1:40  Orbital Command  
  18  1:43  Factory  
  18  1:55  Barracks Tech Lab  
  18  2:00  Factory  
  18  2:11  SCV  
  19  2:27  Supply Depot  
  19  2:33  SCV  
  19  2:36  Cyclone  
  23  2:39  Supply Depot  
  23  2:54  Supply Depot  
  22  3:05  SCV  
  23  3:08  Siege Tank  
  26  3:17  SCV  
  27  3:31  Marine  
  27  3:33  Bunker  
  28  3:35  SCV  
  29  3:47  SCV  
  30  3:49  Marine  
  31  3:59  SCV  
  26  4:11  Marine  
  26  4:14  SCV, Widow Mine  
  28  4:19  Starport  
  24  4:35  Widow Mine  
  23  4:40  Liberator, Marine  
  24  4:56  SCV  
  24  4:58  Marine  
  29  5:08  SCV  
  29  5:11  Starport  
  30  5:15  Supply Depot  
  30  5:16  Marine  
  30  5:17  Supply Depot  
  31  5:26  Supply Depot  
  31  5:30  SCV, Siege Tank  
  35  5:42  SCV  
  36  6:02  Siege Tank  
  34  6:13  Viking  
  36  6:19  Viking  
  36  6:23  Supply Depot  
  38  6:28  Marine  
  39  6:37  Bunker  
  39  6:46  Marine  
  40  6:49  Viking  
  33  7:02  SCV  
  33  7:04  Marine  
  27  7:10  Viking  
  27  7:15  SCV, Widow Mine  
  33  7:27  SCV  
  33  7:39  SCV  
  34  7:49  Siege Tank  
  37  7:53  Viking x2  
  38  8:15  SCV  
  39  8:23  Barracks, Viking  
  39  8:24  Barracks  
  39  8:25  Barracks  
  41  8:27  SCV  
  34  9:04  Viking x2  
  34  9:08  SCV  
  39  9:12  Marine x3  
  40  9:20  SCV  
  35  9:29  Marine  
Show
View Real Time Build Order
Export as new Build Order

Kush Zerg 

Build Orders: Pool First, Lurkers 

Get SALT Encoding   

  12  0:01  Drone  
  13  0:13  Overlord  
  13  0:18  Drone  
  14  0:31  Drone x2  
  16  0:35  Drone  
  16  0:41  Extractor  
  16  0:45  Drone  
  17  0:53  Spawning Pool  
  16  0:57  Drone  
  17  1:08  Drone  
  18  1:25  Hatchery  
  17  1:27  Drone  
  18  1:34  Drone  
  19  1:41  Drone  
  20  1:49  Lair  
  20  1:53  Zergling x2  
  21  2:01  Drone  
  21  2:02  Extractor  
  21  2:12  Drone  
  21  2:26  Zergling x2  
  22  2:39  Overlord  
  22  2:47  Pneumatized Carapace  
  22  2:49  Overlord  
  22  2:54  Hydralisk Den  
  22  2:55  Zergling x2  
  22  3:05  Zergling x2  
  22  3:13  Spine Crawler  
  22  3:14  Spine Crawler  
  22  3:16  Spine Crawler  
  22  3:17  Zergling x2  
  19  3:29  Zergling x2  
  20  3:37  Zergling x2  
  20  3:38  Lurker Den  
  19  3:46  Queen  
  21  3:51  Drone  
  22  4:00  Hydralisk  
  24  4:17  Hydralisk  
  24  4:19  Hydralisk  
  27  4:30  Hydralisk  
  29  4:46  Hydralisk  
  29  4:52  Hydralisk  
  29  5:00  Hydralisk x2  
  29  5:01  Hydralisk  
  33  5:15  Lurker  
  32  5:28  Hydralisk  
  32  5:31  Zergling x2  
  33  5:49  Hydralisk  
  29  5:50  Hydralisk  
  29  5:51  Hydralisk  
  30  6:02  Hydralisk  
  32  6:16  Zergling x2  
  29  6:22  Hydralisk  
  31  6:26  Lurker x2  
  33  6:36  Drone  
  33  6:37  Lurker  
  26  7:14  Hydralisk x3  
  30  7:27  Hydralisk  
  32  7:37  Hydralisk  
  32  7:39  Queen  
  19  8:27  Hydralisk  
  19  8:28  Hydralisk x2  
Show
View Real Time Build Order
Export as new Build Order

IceBox Terran 

Build Orders:  

Get SALT Encoding   

  12  0:00  SCV  
  13  0:13  SCV  
  14  0:19  Supply Depot  
  14  0:25  SCV  
  15  0:40  SCV  
  16  0:43  Barracks  
  16  0:46  Refinery  
  16  0:52  SCV  
  17  1:05  SCV  
  18  1:18  SCV  
  19  1:37  Orbital Command  
  19  1:57  Barracks  
  19  1:58  Marine  
  19  2:01  Bunker  
  20  2:02  SCV  
  20  2:07  Barracks, Factory  
  21  2:10  Refinery  
  21  2:12  Supply Depot  
  21  2:22  Marine  
  22  2:24  Supply Depot  
  22  2:26  SCV  
  23  2:48  Marine  
  23  2:57  Marine x2  
  16  3:05  Marine  
  14  3:19  Marine x2  
  12  3:23  Marine  
  10  3:37  Marine x2  
  11  3:41  Marine  
  9  3:51  SCV  
  9  3:55  Marine x2  
  11  4:15  Bunker  
  1  6:09  Bunker  
Tags
 
Add a new tag
Caveats
  • Supply blocks, unpowered buildings, or Contaminate may cause inaccurate times.
  • Supply counts are checked every 10 seconds.